AoeStats
← LyamNoelenze12

Black Forest

510229879Analyzed
2v2 RM · 3d ago on Sep 30, 2026· 44m 8s· 4 players
Game mode
Random Map
Map size
Medium (4 player)
Population
200
Speed
Normal
Resources
Standard
Victory
Conquest
Starting age
Dark Age
Ending age
Imperial Age
RankedLock teamsTeams togetherTeam positionsShared explorationLock speedFull tech treeHidden civsTurbo modeCheats
Victory
Defeat
🇲🇽 Lithuanians · Mexico
765
+13
🇵🇪 Inca · Peru
687
+16
🇺🇸 Bulgarians · United States
697
-15
🇺🇸 Persians · United States
690
-14
Lizzie Borden
15:24 Feudal Age
19:26 Castle Age
17:29 Double-Bit Axe
19:34 Fletching
22:21 Bodkin Arrow
26:06 Horse Collar
29:23 Forging
33:20 Bloodlines
33:13 Husbandry
34:47 Scale Barding Armor
35:19 Iron Casting
40:18 Imperial Age
41:25 Chain Barding Armor
sanantoniosamurai
0:26 Loom
16:55 Feudal Age
21:13 Town Watch
22:24 Horse Collar
23:48 Wheelbarrow
23:00 Double-Bit Axe
28:50 Castle Age
27:18 Stone Mining
27:18 Gold Mining
30:32 Hand Cart
30:17 Town Patrol
AMADOMANDA
0:31 Loom
15:25 Feudal Age
16:06 Double-Bit Axe
16:02 Horse Collar
17:42 Gold Mining
17:42 Stone Mining
21:45 Castle Age
20:21 Wheelbarrow
19:32 Town Watch
22:36 Heavy Plow
23:13 Stone Shaft Mining
22:50 Bow Saw
24:30 Hand Cart
24:15 Town Patrol
25:41 Treadmill Crane
29:30 Fortified Wall
34:21 Imperial Age
31:59 Murder Holes
32:26 Ballistics
32:48 Hill Forts
32:46 Man-at-Arms
32:46 Pikeman
33:27 Squires
33:13 Arson
33:35 Long Swordsman
35:17 Forging
35:07 Scale Mail Armor
35:12 Scale Barding Armor
36:29 Chemistry
36:59 Two-Man Saw
35:51 Two-Handed Swordsman
36:54 Conscription
37:03 Halberdier
38:37 Iron Casting
38:23 Champion
42:54 Fervor
43:34 Caravan
LyamNoelenze12
13:27 Feudal Age
14:47 Wheelbarrow
15:19 Arson
15:36 Double-Bit Axe
18:00 Champi Runner
19:20 Town Watch
21:45 Horse Collar
22:01 Gold Mining
22:04 Stone Mining
22:54 Fletching
23:04 Padded Archer Armor
28:34 Castle Age
26:38 Scale Mail Armor
26:48 Forging
29:43 Hand Cart
29:31 Heavy Plow
29:41 Bow Saw
30:07 Gold Shaft Mining
30:07 Stone Shaft Mining
29:16 Champi Warrior
29:56 Squires
32:34 Iron Casting
32:14 Chain Mail Armor
39:30 Pikeman
45:10 Imperial Age
Connection lost

Rejoining the realm…

Still unreachable

The connection could not be restored.

Session expired

The server has moved on; the page needs a fresh start.